AoeStats
← Malik Bhai

Arabia

509011278Analyzed
1v1 RM · 7d ago on Sep 25, 2026· 24m 45s· 2 players
Game mode
Random Map
Map size
Tiny (2 player)
Population
200
Speed
Normal
Resources
Standard
Victory
Conquest
Starting age
Dark Age
Ending age
Imperial Age
RankedLock teamsTeams togetherTeam positionsShared explorationLock speedFull tech treeHidden civsTurbo modeCheats
Victory
Defeat
🇳🇿 Saxons · New Zealand
1624
+16
🇵🇰 Wei · Pakistan
1623
-16
Malik Bhai
6:39 Loom
8:38 Feudal Age
9:31 Double-Bit Axe
9:27 Horse Collar
21:30 Castle Age
21:40 Fletching
22:19 Bodkin Arrow
Joaquin12
8:53 Loom
10:39 Feudal Age
16:03 Castle Age
24:36 Scale Mail Armor
Connection lost

Rejoining the realm…

Still unreachable

The connection could not be restored.

Session expired

The server has moved on; the page needs a fresh start.